 Dungeon Crawl Stone Soup version 0.16.2-12-gd0ad4c3 (webtiles) character file.

53 Meaglor the Caller (level 3, 0/28 HPs)
             Began as a Tengu Summoner on Nov 29, 2017.
             Was an Initiate of Kikubaaqudgha.
             Succumbed to an adder's poison
             ... on level 3 of the Dungeon.
             The game lasted 00:26:06 (3408 turns).

Meaglor the Caller (Tengu Summoner)                 Turns: 3408, Time: 00:26:06

Health: 0/28       AC:  3    Str: 13    XL:     3   Next: 89%
Magic:  2/7        EV: 13    Int: 16    God:    Kikubaaqudgha [......]
Gold:   111        SH:  0    Dex: 14    Spells: 2 memorised, 4 levels left

rFire  . . .     SeeInvis .     i - +0 spear
rCold  . . .     Clarity  .     a - +1 robe
rNeg   . . .     SustAb   .     (no shield)
rPois  .         Gourm    .     (helmet restricted)
rElec  .         Spirit   .     (no cloak)
rCorr  .         Warding  .     (no gloves)
rMut   .         Stasis   .     (boots unavailable)
MR     .....                    (no amulet)
Stlth  ..........               (no ring)
                                (no ring)

@: berserking (expiring), lethally poisoned (0 -> -7), very quick, not resistant
to hostile enchantments, extremely unstealthy
A: beak, talons 3
a: Renounce Religion


You were on level 3 of the Dungeon.
You worshipped Kikubaaqudgha.
Kikubaaqudgha was noncommittal.
You were not hungry.

You visited 1 branch of the dungeon, and saw 3 of its levels.

You collected 111 gold pieces.

Inventory:

Hand weapons
 c - a +0 dagger
 d - a +0 hand axe
 i - a +0 spear (weapon)
Missiles
 f - 13 sling bullets
 g - 24 bolts
 k - 4 tomahawks (quivered)
 l - 8 curare-tipped needles
 m - 3 needles of confusion
Armour
 a - a +1 robe (worn)
 p - a +0 leather armour
Magical devices
 e - a wand of polymorph (15)
Books
 b - a book of Callings

   Spells                             Type                      Level
   a - Summon Small Mammal            Summoning                    1
   b - Call Imp                       Summoning                    2
   c - Call Canine Familiar           Summoning                    3
   d - Summon Guardian Golem          Hexes/Summoning              4
   e - Summon Lightning Spire         Summoning/Air                4
   f - Summon Ice Beast               Ice/Summoning                4
Comestibles
 h - a meat ration


   Skills:
 - Level 0.2 Fighting
 + Level 2.7 Dodging
 + Level 2.2 Stealth
 + Level 2.5 Spellcasting
 + Level 5.6 Summonings


You had 4 spell levels left.
You knew the following spells:

 Your Spells              Type           Power        Failure   Level  Hunger
a - Summon Small Mammal   Summ           ###.         1%          1    #......
b - Call Imp              Summ           ###.....     3%          2    ##.....


Dungeon Overview and Level Annotations

Branches:
Dungeon (3/15)

Altars:
Fedhas
Kikubaaqudgha
Xom

Annotations:
D:3 casual's ghost, average DsTm


Innate Abilities, Weirdness & Mutations

You have a beak for a mouth.
You have claws for feet.


Message History

Your crimson imp hits the adder.
You hit the adder but do no damage. Your kick misses the adder.
You peck the adder, but do no damage.
The adder is severely wounded.
You feel sick. Casual's ghost hits you. The adder barely misses you.
Your crimson imp barely misses the adder.
Your crimson imp barely misses casual's ghost.
Casual's ghost barely misses you.
You feel sick. The adder barely misses you.
Your crimson imp completely misses the adder.
Your crimson imp hits casual's ghost.
The adder bites you but does no damage. Casual's ghost hits you.
* * * LOW HITPOINT WARNING * * *
A red film seems to cover your vision as you go berserk!
You feel yourself moving faster!
You feel mighty!
Your crimson imp misses the adder.
You feel a strong urge to attack something.
Found a slice of pizza.
You die...
Kikubaaqudgha rasps: "You have failed me!
Welcome... death!"

< #. #. #. # #. #.#
#.##### ....##.#...#
# #....#...# .##
####.#.@...#
####................#
.....#.. .......#W5.#
.5W.....>.%.....#S..#
<55..#.. .......#.5.#
./...# ##..###...#
........ ..# #####
.....### # .....#


You could see casual's ghost, an adder and 2 friendly crimson imps.

Vanquished Creatures
  An adder (D:2)
  A giant gecko (D:2)
  5 bats
  3 giant cockroaches
  2 goblins
  2 hobgoblins (D:1)
  4 kobolds
  A giant newt (D:2)
  2 rats
21 creatures vanquished.

Vanquished Creatures (collateral kills)
  2 adders
  A worm (D:2)
  A bat (D:2)
  2 hobgoblins (D:2)
  3 kobolds
  A ball python (D:2)
  2 rats (D:1)
12 creatures vanquished.

Vanquished Creatures (others)
  A shadow imp (D:3)
  A rat (D:1)
2 creatures vanquished.

Grand Total: 35 creatures vanquished

Notes
Turn   | Place    | Note
--------------------------------------------------------------
     0 | D:1      | Meaglor, the Tengu Summoner, began the quest for the Orb.
     0 | D:1      | Reached XP level 1. HP: 10/10 MP: 3/3
   263 | D:1      | Reached skill level 5 in Summonings
   889 | D:1      | Reached XP level 2. HP: 1/15 MP: 3/5
   893 | D:1      | Learned a level 2 spell: Call Imp
  1993 | D:2      | Reached XP level 3. HP: 7/19 MP: 7/7
  2258 | D:2      | Found a shimmering altar of Xom.
  2531 | D:2      | Found a blossoming altar of Fedhas.
  2534 | D:2      | Found an ancient bone altar of Kikubaaqudgha.
  3288 | D:2      | Became a worshipper of Kikubaaqudgha
  3326 | D:3      | Noticed casual's ghost (average DsTm)
  3408 | D:3      | Succumbed to an adder's poison

Action                   || total
-------------------------++-------
Melee: Hand axe          ||    40
       Spear             ||    62
Throw: Tomahawk          ||     1
 Cast: Summon Small Mamm ||     2
       Call Imp          ||    16
Evoke: Wand              ||     1
  Use: Scroll            ||     5
       Potion            ||     4
 Stab: Sleeping          ||     4
  Eat: Bread ration      ||     1
       Meat ration       ||     1
